 Dungeon Crawl Stone Soup version 0.28.0-47-ge53b351184 (webtiles) character file.

Game seed: 14013552356837603516

28 hawla the Scratcher (level 2, -3/12 HPs)
             Began as a Felid Transmuter on May 2, 2022.
             Slain by a gnoll
             ... wielding a +0 whip
              (5 damage)
             ... on level 2 of the Dungeon.
             The game lasted 00:02:49 (1264 turns).

hawla the Scratcher (Felid Transmuter)              Turns: 1264, Time: 00:02:50

Health: -3/12      AC:  1    Str:  6    XL:     2   Next: 96%
Magic:  4/6        EV: 17    Int: 14    God:
Gold:   41         SH:  0    Dex: 16    Spells: 2/5 levels left
                                        Lives:  0   Deaths: 0

rFire   . . .      SeeInvis +     - Unarmed
rCold   . . .      Faith    .   (shield unavailable)
rNeg    . . .      Spirit   .   (armour unavailable)
rPois   .          Reflect  .   (helmet unavailable)
rElec   .          Harm     .   (cloak unavailable)
rCorr   .          Rampage  .   (gloves unavailable)
Will    .....                   (boots unavailable)
Stlth   +.........              (no amulet)
HPRegen 0.04/turn               (no ring)
MPRegen 0.10/turn               (no ring)

@: wereblooded, quick
A: very small, claws 1, fangs 3, see invisible, speed 1, shaggy fur 1, stealthy
paws, no weapons or thrown items, no armour, multi-lived
a: no special abilities


You were on level 2 of the Dungeon.
You visited 1 branch of the dungeon, and saw 2 of its levels.

You collected 41 gold pieces.

You aren't carrying anything.


   Skills:
 - Level 1.0 Fighting
 - Level 2.9 Dodging
 - Level 3.7 Unarmed Combat
 + Level 2.3 Spellcasting
 + Level 2.3 Transmutations


You had 2 spell levels left.
You knew the following spells:

 Your Spells              Type           Power      Damage    Failure   Level
a - Beastly Appendage     Tmut           16%        N/A       9%          1
b - Wereblood             Tmut           8%         N/A       13%         2

Your spell library contained the following spells:

 Spells                   Type           Power      Damage    Failure   Level
 Spider Form              Tmut/Pois      4%         N/A       38%         3
 Tukima's Dance           Hex            1%         N/A       56%         3
 Ice Form                 Ice/Tmut       4%         N/A       80%         4
 Anguish                  Hex/Necr       0%         N/A       92%         4
 Enfeeble                 Hex            0%         N/A       100%        7


Dungeon Overview and Level Annotations

Branches:
Dungeon (2/15)

Altars:


Innate Abilities, Weirdness & Mutations

You have sharp claws.
You have razor-sharp teeth.
You have supernaturally acute eyesight. (SInv)
You cover ground quickly. (Speed+)
You are covered in fur. (AC +1)
Your paws help you pounce on unaware monsters.
You are incapable of wielding weapons or throwing items.
You cannot wear armour.
You gain extra lives every three experience levels.


Message History

There are monsters nearby!
The jackal misses you.
You climb upwards.
There is a stone staircase leading down here.
Casting: Beastly Appendage (safe; 9% risk of failure)
Confirm with . or Enter, or press ? or * to list all spells.
You grow a pair of large bovine horns.
The jackal barely misses you.
You scratch the jackal but do no damage.
The jackal closely misses you. The jackal completely misses you.
You barely miss the jackal. You bite the jackal.
The jackal is severely wounded.
The jackal bites you.
You barely miss the jackal.
The jackal is severely wounded.
The jackal bites you.
You claw the jackal!
You kill the jackal!
You start resting.
Your transformation is almost over.
Magic restored.
You start resting.
Your horns disappear.
HP restored.
Memorise Wereblood, consuming 2 spell levels and leaving 2?
You start memorising the spell.
You continue memorising. x2
You finish memorising.
Spell assigned to 'b'.
Okay, then.
Okay, then.
Okay, then.
Casting: Beastly Appendage (safe; 9% risk of failure)
Confirm with . or Enter, or press ? or * to list all spells.
Your blood is infused with primal strength.
You climb downwards.
The gnoll hits you with a +0 flail!
Ouch! That really hurt!
The gnoll barely misses you. The jackal bites you.
* * * LOW HITPOINT WARNING * * *
There is a stone staircase leading up here.
The jackal completely misses you. The jackal barely misses you.
The gnoll hits you with a +0 whip.
You die...

##+##
##...##
##⌠.K.⌠##
#.......#
#.<.h.>.#
#..ggh..#
#⌠.@h⌠#
##g..##
#####


You could see 3 gnolls, 3 jackals and a kobold.

Vanquished Creatures
  A dart slug (D:1)
  2 ball pythons (D:1)
  2 bats (D:1)
  A giant cockroach (D:1)
  5 hobgoblins (D:1)
  A jackal (D:1)
  2 kobolds (D:1)
  2 quokkas (D:1)
  3 frilled lizards (D:1)
  4 rats (D:1)
23 creatures vanquished.

Notes
Turn   | Place    | Note
-------+----------+-------------------------------------------
     0 | D:1      | hawla the Felid Transmuter began the quest for the Orb.
     0 | D:1      | Reached XP level 1. HP: 9/9 MP: 4/4
   100 | D:1      | Reached XP level 2. HP: 6/12 MP: 4/6
  1261 | D:1      | Learned a level 2 spell: Wereblood
  1264 | D:2      | Slain by a gnoll

Illustrated notes

Levels and vault maps discovered:
D:1:      nicolae_arrival_washed_ashore, layout_basic
D:2:      layout_basic, serial_shops, shop, grunt_ministairs_7

Action                   || total
-------------------------++-------
Melee: Unarmed           ||    58
       Bite              ||     4
       Headbutt          ||     2
       Punch             ||     1
 Cast: Beastly Appendage ||    12
       Wereblood         ||     1
 Stab: Sleeping          ||     3
Armor: Skin              ||     2
Dodge: Dodged            ||    49
